 Dungeon Crawl Stone Soup version 0.30.1-11-g7821555f0a (webtiles) character file.

Game seed: 8763897885011626620

5303 Groucho the Covert (level 10, -11/44 HPs)
             Began as a Spriggan Earth Elementalist on Nov 7, 2023.
             Was a Follower of Vehumet.
             Mangled by a skeletal warrior
             ... wielding a +0 dire flail
              (29 damage)
             ... on level 7 of the Dungeon on Nov 8, 2023.
             The game lasted 00:34:42 (23153 turns).

Groucho the Covert (Spriggan Earth Elementalist)   Turns: 23153, Time: 00:34:42

Health: -11/44     AC:  2    Str:  4    XL:     10   Next: 37%
Magic:  2/22       EV: 20    Int: 22    God:    Vehumet [*.....]
Gold:   555        SH:  0    Dex: 15    Spells: 18/24 levels left

rFire   . . .        J - +0 shortbow
rCold   . . .        (shield currently unavailable)
rNeg    . . .        a - +0 robe
rPois   .            (helmet restricted)
rElec   .            (no cloak)
rCorr   .            (gloves unavailable)
SInv    +            (boots unavailable)
Will    +....        (no amulet)
Stlth   ++++         (no ring)
HPRegen 0.27/turn    (no ring)
MPRegen 0.18/turn

%: no passive effects
@: very quick
A: very small, no large weapons, unfitting armour, see invisible, speed 3
a: Renounce Religion


You were on level 7 of the Dungeon.
You worshipped Vehumet.
Vehumet was aware of your devotion.
You visited 2 branches of the dungeon, and saw 10 of its levels.

You collected 555 gold pieces.

Inventory:

Hand Weapons
 o - the +7 hand axe "Worm" {vamp, Str+3}
   (You took it off a kobold on level 4 of the Dungeon)

   Str:       It affects your strength (+3).
 J - a +0 shortbow (weapon)
 L - a +0 arbalest
Missiles
 G - a throwing net
Armour
 a - a +0 robe (worn)
Magical Staves
 s - the staff of air "Alaloul" {rElec rPois Str-4 Int+8 Dex-5}
   (You found it on level 4 of the Dungeon)

   [staff of air]

   Base accuracy: +5 Base damage: 5 Base attack delay: 1.2 This weapon's minimum
   attack delay (0.6) is reached at skill level 12.
   Str:       It affects your strength (-4).
   Int:       It affects your intelligence (+8).
   Dex:       It affects your dexterity (-5).
   rElec:     It insulates you from electricity.
   rPois:     It protects you from poison.
   It falls into the 'Staves' category.
   It is a two-handed weapon.
Jewellery
 x - a ring of willpower
 C - an amulet of magic regeneration
 F - the ring "Wedaphext" {rN+ Stlth+}
   (You found it on level 8 of the Dungeon)

   [ring of positive energy]

   rN:        It protects you from negative energy.
   Stlth:     It makes you more stealthy.
Wands
 y - a wand of charming (14)
 D - a wand of quicksilver (3)
 K - a wand of flame (20)
Scrolls
 c - 2 scrolls of torment {unknown}
 d - 3 scrolls of noise {unknown}
 e - a scroll of enchant armour {unknown}
 f - 3 scrolls of fear {unknown}
 g - 3 scrolls of vulnerability {unknown}
 h - a scroll of brand weapon {unknown}
 i - 10 scrolls of identify {unknown}
 j - 3 scrolls of teleportation {unknown}
 l - 3 scrolls of fog {unknown}
 m - 3 scrolls of blinking {unknown}
 p - a scroll of enchant weapon {unknown}
 q - 2 scrolls of immolation {unknown}
 v - a scroll of amnesia {unknown}
 z - a scroll of silence {unknown}
 I - a scroll of magic mapping {unknown}
Potions
 b - a potion of magic
 k - 2 potions of might {unknown}
 n - 4 potions of degeneration
 r - a potion of curing {unknown}
 t - a potion of mutation {unknown}
 u - a potion of experience {unknown}
 w - a potion of lignification {unknown}
 A - a potion of resistance {unknown}
 B - a potion of ambrosia {unknown}
 E - 2 potions of haste {unknown}
 H - a potion of invisibility {unknown}


   Skills:
 + Level 6.9 Dodging
 + Level 8.5 Stealth
 * Level 7.6 Spellcasting
 * Level 4.9 Conjurations
 - Level 6.0 Transmutations
 + Level 2.6 Fire Magic
 + Level 2.7 Ice Magic
 + Level 3.4 Air Magic
 * Level 6.9 Earth Magic


You had 18 spell levels left.
You knew the following spells:

 Your Spells              Type           Power      Damage    Failure   Level
a - Sandblast             Erth           76%        2d16      1%          1
b - Passwall              Tmut/Erth      30%        N/A       1%          2
c - Stone Arrow           Conj/Erth      68%        3d11      1%          3

Your spell library contained the following spells:

 Spells                   Type           Power      Damage    Failure   Level
 Kiss of Death            Conj/Necr      76%        2d11      2%          1
 Petrify                  Tmut/Erth      36%        N/A       5%          4
 Ozocubu's Armour         Ice            20%        N/A       8%          3
 Vhi's Electric Charge    Tloc/Air       30%        N/A       12%         3
 Summon Guardian Golem    Hex/Summ       8%         N/A       24%         3
 Arcjolt                  Conj/Air       13%        1d23      36%         5
 Plasma Beam              Fire/Air       10%        2x1d23    98%         6
 Orb of Destruction       Conj           15%        9d7       100%        7
 Ozocubu's Refrigeration  Ice            10%        4d9       100%        7
 Spellforged Servitor     Conj/Summ      9%         N/A       100%        7


Dungeon Overview and Level Annotations

Branches:
Dungeon (9/15)             Temple (1/1) D:7
   Lair: D:8-11         Orc: D:9-12

Altars:
Ashenzari
Cheibriados
Dithmenos
Elyvilon
Fedhas
Gozag
Hepliaklqana
Kikubaaqudgha
Makhleb
Nemelex Xobeh
Okawaru
Qazlal
Ru
Sif Muna
Trog
Uskayaw
Vehumet
Wu Jian
Yredelemnul
Zin
The Shining One

Shops:
D:8 (

Annotations:
D:5 3 runed translucent doors, Tali's ghost, novice DsCK
D:9 4 runed translucent doors


Innate Abilities, Weirdness & Mutations

You are very small and have problems with some larger weapons.
You are too small for most types of armour.
You have supernaturally acute eyesight. (SInv)
You cover ground extremely quickly. (Speed+++)


Message History

Confirm with . or Enter, or press ? or * to list all spells.
Aiming: Stone Arrow (safe; 1% risk of failure)
Press: ? - help, Shift-Dir - straight line, f/p - skeletal warrior
Aim: a skeletal warrior, wielding a +0 dire flail (moderately damaged, 74% to hit)
The stone arrow misses the skeletal warrior.
Unknown command.
Unknown command.
Casting: Stone Arrow (safe; 1% risk of failure)
Confirm with . or Enter, or press ? or * to list all spells.
Aiming: Stone Arrow (safe; 1% risk of failure)
Press: ? - help, Shift-Dir - straight line, f/p - skeletal warrior
Aim: a skeletal warrior, wielding a +0 dire flail (moderately damaged, 74% to hit)
The stone arrow hits the skeletal warrior!!
The skeletal warrior is severely damaged.
Things that are here:
a +0 robe; a +0 battleaxe
Casting: Stone Arrow (safe; 1% risk of failure)
Confirm with . or Enter, or press ? or * to list all spells.
Aiming: Stone Arrow (safe; 1% risk of failure)
Press: ? - help, Shift-Dir - straight line, f/p - skeletal warrior
Aim: a skeletal warrior, wielding a +0 dire flail (severely damaged, 74% to hit)
The stone arrow hits the skeletal warrior!
The skeletal warrior is almost destroyed.
Casting: Stone Arrow (safe; 1% risk of failure)
Confirm with . or Enter, or press ? or * to list all spells.
Aiming: Stone Arrow (safe; 1% risk of failure)
Press: ? - help, Shift-Dir - straight line, f/p - skeletal warrior
Aim: a skeletal warrior, wielding a +0 dire flail (almost destroyed, 74% to hit)
The stone arrow hits the skeletal warrior but does no damage.
The skeletal warrior is almost destroyed.
Casting: Stone Arrow (safe; 1% risk of failure)
Confirm with . or Enter, or press ? or * to list all spells.
Aiming: Sandblast (safe; 1% risk of failure)
Press: ? - help, Shift-Dir - straight line, f/p - skeletal warrior
Aim: a skeletal warrior, wielding a +0 dire flail (almost destroyed, 84% to hit)
The blast of sand hits the skeletal warrior.
The skeletal warrior is almost destroyed.
The skeletal warrior hits you with a +0 dire flail!!
Ouch! That really hurt!
You die...

................#...#............
................#...'......).....
.z..............######'###..###'#
..######'###+#...)......######...
..#....#.....'..........# #...
..'....#.....#..........# #...
..#'####.##..#..........######...
#....###.##..#######'#.........##
#....[....'....z@....#.........#.
#...[#....#..........#.........#.
#....######....##...##.........#.
.....#...##....##...####'#######.
...[.#...'.....'....#............
.....#...#.....#....#............
.....######.##.####.###..###..##.
##......######.####.########..###
.#......#...#.....#<..#...#.(....


You could see a skeletal warrior.

Vanquished Creatures
  A two-headed ogre (D:7)
  A skeletal warrior (D:8)
  A wyvern (D:8)
  A wraith (D:9)
  A steam dragon (D:7)
  3 water moccasins
  Edmund (D:3)
  An orc warrior (D:9)
  An ice beast (D:3)
  3 sky beasts
  2 ogres
  A centaur (D:8)
  A phantom (D:6)
  A kobold brigand (D:9)
  4 scorpions
  2 gnoll sergeants
  3 bullfrogs
  9 wights
  4 killer bees (D:9)
  2 howler monkeys (D:5)
  8 hounds
  2 jellies
  5 orc priests
  2 gnoll boudas
  5 iguanas
  2 sleepcaps
  3 orc wizards
  28 gnolls
  8 adders
  A white imp (D:5)
  2 dart slugs
  20 orcs
  8 bats
  4 endoplasms
  4 giant cockroaches
  4 hobgoblins
  2 quokkas
  A ball python (D:1)
  6 frilled lizards
  4 goblins
  13 kobolds
  7 rats
182 creatures vanquished.

Notes
Turn   | Place    | Note
-------+----------+-------------------------------------------
     0 | D:1      | Groucho the Spriggan Earth Elementalist began the quest for
                  | the Orb.
     0 | D:1      | Reached XP level 1. HP: 9/9 MP: 5/5
   365 | D:1      | Reached XP level 2. HP: 13/13 MP: 4/6
  1109 | D:2      | Learned a level 2 spell: Passwall
  1218 | D:2      | Reached XP level 3. HP: 16/16 MP: 6/8
  1745 | D:2      | Learned a level 3 spell: Stone Arrow
  3064 | D:3      | Reached XP level 4. HP: 21/21 MP: 7/9
  3161 | D:3      | Reached skill level 4 in Stealth
  3307 | D:3      | Reached skill level 1 in Conjurations
  3646 | D:3      | Reached XP level 5. HP: 17/24 MP: 5/11
  4441 | D:4      | Noticed an ice beast
  4843 | D:3      | Killed an ice beast
  4844 | D:3      | Reached XP level 6. HP: 28/28 MP: 5/12
  4859 | D:4      | Noticed Edmund
  5436 | D:3      | Killed Edmund
  5809 | D:4      | Reached skill level 5 in Stealth
  5854 | D:4      | Identified the +7 hand axe "Worm" {vamp, Str+3}
  5923 | D:4      | Reached XP level 7. HP: 21/32 MP: 9/14
  6053 | D:4      | Identified the staff of air "Alaloul" {rElec rPois Str-4
                  | Int+8 Dex-5}
  6463 | D:5      | Entered Level 5 of the Dungeon
  7137 | D:5      | Noticed Tali's ghost (novice DsCK)
  8368 | D:5      | Reached XP level 8. HP: 36/36 MP: 14/16
  8376 | D:5      | Reached skill level 5 in Earth Magic
  8817 | D:5      | Found a runed translucent gate.
  8817 | D:5      | Found a runed translucent gate.
  8817 | D:5      | Found a runed translucent gate.
  8951 | D:5      | Reached skill level 6 in Stealth
  9407 | D:5      | Reached skill level 5 in Spellcasting
  9421 | D:5      | Reached skill level 5 in Dodging
  9421 | D:5      | Reached skill level 1 in Air Magic
 10745 | D:6      | Found a bloodstained altar of Trog.
 10865 | D:6      | Found a glowing silver altar of Zin.
 10866 | D:6      | Found a stormy altar of Qazlal.
 10891 | D:6      | Reached skill level 1 in Fire Magic
 10993 | D:6      | Reached skill level 1 in Ice Magic
 11744 | D:7      | Reached skill level 5 in Transmutations
 11744 | D:7      | Reached XP level 9. HP: 39/39 MP: 13/18
 12958 | D:7      | Reached skill level 7 in Stealth
 13857 | D:7      | Found a staircase to the Ecumenical Temple.
 13962 | Temple   | Entered the Ecumenical Temple
 14150 | Temple   | Became a worshipper of Vehumet
 15888 | D:8      | Noticed a deep elf pyromancer
 16395 | D:8      | Noticed a two-headed ogre
 16417 | D:7      | Killed a two-headed ogre
 16964 | D:8      | Reached skill level 8 in Stealth
 17032 | D:8      | Identified the ring "Wedaphext" {rN+ Stlth+}
 17250 | D:8      | Reached XP level 10. HP: 43/44 MP: 13/21
 18344 | D:8      | Found Wyugh's Antique Weapon Boutique.
 19090 | D:9      | Found a runed translucent door.
 19103 | D:9      | Found a runed translucent door.
 19134 | D:9      | Found a runed translucent door.
 19146 | D:9      | Found a runed translucent door.
 19868 | D:9      | Reached * piety under Vehumet
 19868 | D:9      | Offered knowledge of Kiss of Death by Vehumet.
 21717 | D:9      | Noticed a skeletal warrior
 21717 | D:9      | Noticed a skeletal warrior
 21718 | D:9      | Noticed a skeletal warrior
 21719 | D:9      | Noticed a skeletal warrior
 21944 | D:8      | Killed a skeletal warrior
 23153 | D:7      | Mangled by a skeletal warrior

Illustrated notes

Levels and vault maps discovered:
D:1:      minmay_arrival_solitary_statue, layout_basic
D:2:      layout_loops_corners
D:3:      layout_loops_cross, kennysheep_donut
D:4:      layout_rooms, uniq_edmund
D:5:      layout_layer_cave, gammafunk_ghost_icy, hangedman_decor_riveting,
          kennysheep_boxes
D:6:      layout_cave_pools, mainiacjoe_overflow_divided_tiny,
          mainiacjoe_overflow_concentric_impassable
D:7:      layout_gridville, temple_green
D:8:      layout_basic, serial_shops, nicolae_shop_tiny_real_fake_doors
D:9:      layout_loops_cross, erik_orc_1, minmay_statue_crystal_thing,
          uniq_prince_ribbit1
Temple:   regret_index_temple_mists

Skill      XL: |  1  2  3  4  5  6  7  8  9 10 |
---------------+-------------------------------+-----
Dodging        | 3 4 5 6 |  6.9
Spellcasting   | 3 4 5 7 |  7.6
Transmutations | 2 3 4 5 6 |  6.0
Earth Magic    | 3 4 5 6 |  6.9
Stealth        | 4 5 6 8 |  8.5
Conjurations   | 1 2 3 4 |  4.9
Air Magic      | 2 3 |  3.4
Fire Magic     | 1 2 |  2.6
Ice Magic      | 1 2 |  2.7

Action                     |  1- 3 |  4- 6 |  7- 9 | 10-12 || total
---------------------------+-------+-------+-------+-------++-------
  Melee: Unarmed           |     1 |       |       |       ||     1
         Hand axe          |       |     7 |     5 |       ||    12
         Punch             |       |     1 |       |       ||     1
   Fire: Shortbow          |       |       |       |    37 ||    37
   Cast: Sandblast         |    61 |    86 |   123 |    56 ||   326
         Stone Arrow       |       |     1 |    74 |    56 ||   131
   Stab: Sleeping          |       |     1 |     1 |       ||     2
 Armour: Robe              |     1 |     4 |     3 |     2 ||    10
  Dodge: Dodged            |     8 |    34 |    74 |    40 ||   156
